 Dungeon Crawl Stone Soup version 0.21.1-1-g345015f (webtiles) character file.

5375 wojtek the Grappler (level 10, -3/97 HPs)
             Began as a Troll Monk on June 13, 2018.
             Was a Priest of Cheibriados.
             Splashed by a jelly's acid (8 damage)
             ... on level 8 of the Dungeon.
             The game lasted 00:13:25 (5877 turns).

wojtek the Grappler (Troll Monk)                    Turns: 5877, Time: 00:13:27

Health: -3/97      AC:  6    Str: 33    XL:     10   Next: 39%
Magic:  5/11       EV: 14    Int: 13    God:    Cheibriados [***...]
Gold:   411        SH:  0    Dex: 19    Spells: 9/9 levels left

rFire    . . .     SeeInvis .     - Unarmed
rCold    . . .     Gourm    +   (no shield)
rNeg     . . .     Faith    .   a - +1 robe
rPois    .         Spirit   .   (helmet restricted)
rElec    .         Reflect  .   (no cloak)
rCorr    .         Harm     .   (gloves unavailable)
MR       .....                  (boots unavailable)
Stlth    ++........             (no amulet)
HPRegen  0.66/turn              g - ring of flight
MPRegen  0.12/turn              (no ring)

@: mighty, lethally poisoned (-3 -> -3), slowed, very slow
A: large, unfitting armour, claws 3, fast metabolism 3, gourmand, regeneration
1, shaggy fur 1, tough skin 2
a: Bend Time, Temporal Distortion, Renounce Religion, Evoke Flight


You were on level 8 of the Dungeon.
You worshipped Cheibriados.
Cheibriados was most pleased with you.
You were very full.

You visited 2 branches of the dungeon, and saw 9 of its levels.
You also visited: Sewer.

You collected 411 gold pieces.

Inventory:

Missiles
 y - a throwing net (quivered)
Armour
 a - a +1 robe (worn)
Jewellery
 g - a ring of flight (left claw)
Wands
 i - a wand of digging (14)
 u - a wand of disintegration (10)
 B - a wand of iceblast (10)
 D - a wand of polymorph (11)
 E - a wand of enslavement (8)
Scrolls
 c - a scroll of fog {unknown}
 d - a scroll of random uselessness {unknown}
 h - a scroll of immolation {unknown}
 j - 8 scrolls of identify {unknown}
 k - 2 scrolls of magic mapping
 l - 5 scrolls of amnesia {unknown}
 p - a scroll of enchant armour
 r - 2 scrolls of remove curse {unknown}
 s - a scroll of noise {unknown}
 t - 2 scrolls of fear {unknown}
 w - 3 scrolls of teleportation
 C - a scroll of enchant weapon {unknown}
Potions
 e - 4 potions of might
 f - 2 potions of heal wounds
 n - a potion of flight {unknown}
 o - 6 potions of curing
 q - 3 potions of degeneration {unknown}
 v - 2 potions of haste {unknown}
 x - 6 potions of brilliance {unknown}
 z - a potion of cancellation {unknown}
 A - a potion of agility {unknown}
 F - a potion of ambrosia {unknown}
Books
 m - a book of Alchemy

   Spells                             Type                      Level
   a - Sublimation of Blood           Necromancy                   2
   b - Ignite Poison                  Fire/Transmutation/Poison    3
   c - Petrify                        Transmutation/Earth          4
   d - Alistair's Intoxication        Transmutation/Poison         5
   e - Irradiate                      Conjuration/Transmutation    5
Comestibles
 b - 18 rations


   Skills:
 + Level 5.6 Fighting
 + Level 5.6 Dodging
 - Level 1.0 Stealth
 + Level 12.5 Unarmed Combat
 * Level 2.7 Invocations


You had 9 spell levels left.
You didn't know any spells.

Dungeon Overview and Level Annotations

Branches:
Dungeon (8/15)             Temple (1/1) D:6
   Lair: D:8-11

Altars:
Ashenzari
Cheibriados
Dithmenos
Elyvilon
Fedhas
Gozag
Hepliaklqana
Nemelex Xobeh
Okawaru
Qazlal
Ru
Trog
Uskayaw
Wu Jian
Xom
Yredelemnul
Zin
The Shining One

Shops:
D:7 *


Innate Abilities, Weirdness & Mutations

You are too large for most types of armour.
You have claws for hands.
Your metabolism is lightning-fast.
You like to eat raw meat.
Your natural rate of healing is unusually fast.
You are covered in fur. (AC +1)
You have very tough skin. (AC +2)


Message History

The ogre hits you with a giant spiked club.
* * * LOW HITPOINT WARNING * * *
The big kobold hits you but does no damage.
An orc wizard comes into view. It is wielding an enchanted dagger.
You feel sick.
The orc wizard mumbles some strange words.
The orc wizard seems to speed up.
The big kobold hits you but does no damage.
The ogre closely misses you. The big kobold barely misses you.
The ogre shouts!
You warp the flow of time around you!
An orc comes into view. It is wielding a dagger.
Unknown command.
You feel sick.
The ogre shouts!
The orc shouts!
You hear an angry buzzing noise.
The orc wizard hits you but does no damage.
The jelly hits you.
* * * LOW HITPOINT WARNING * * *
You are splashed with acid!
The acid burns!
You die...

.).yhh###.#..........#
####### #h#..........#
*.o......%..##***
**#..........#,,*
#.......P.##,,*
#.......%%.#*+**
#...Ko....##..,*
#...O.o...'...,*
##..OJ@...'...,*
##.....%.##..,*
####.%...#*+**
#.P..##,,* #%....#,,*
#....##*** ######


You could see a big kobold, 2 ogres, a jelly, an orc wizard, 2 orcs and a jackal
(wandering).

Vanquished Creatures
  2 two-headed ogres
  Pikel (D:5)
  The ghost of RottenKnight the Firebug, a novice DrFE of Sif Muna (D:4)
  Eustachio (D:6)
  5 humans (D:7)
  4 ogres
  A black bear (D:6)
  2 sky beasts
  4 centaurs
  A bullfrog (D:6)
  2 big kobolds (Sewer)
  A scorpion (D:6)
  A killer bee (D:8)
  3 wights (D:4)
  4 howler monkeys
  2 crimson imps
  2 bullfrog skeletons
  3 orc priests
  3 hounds
  A jelly (D:5)
  5 orc wizards
  2 worker ants
  2 hound skeletons
  A worker ant zombie (D:5)
  4 gnolls (D:7)
  15 adders
  4 river rats (Sewer)
  A shadow imp (D:8)
  4 adder skeletons
  A worm (D:4)
  3 leopard geckos (D:3)
  18 orcs
  6 ball pythons
  9 bats
  22 giant cockroaches
  8 goblins
  9 hobgoblins
  6 jackals
  3 quokkas
  4 frilled lizards
  A jackal skeleton (D:4)
  26 kobolds
  A quokka zombie (D:5)
  32 rats
231 creatures vanquished.

Notes
Turn   | Place    | Note
-------+----------+-------------------------------------------
     0 | D:1      | wojtek the Troll Monk began the quest for the Orb.
     0 | D:1      | Reached XP level 1. HP: 22/22 MP: 0/0
    86 | D:1      | Reached XP level 2. HP: 29/29 MP: 1/1
   296 | D:1      | Reached skill level 4 in Unarmed Combat
   523 | D:1      | Reached XP level 3. HP: 36/36 MP: 2/2
   744 | D:2      | Noticed a sky beast
   751 | D:2      | Killed a sky beast
   751 | D:2      | Reached skill level 5 in Unarmed Combat
   751 | D:2      | Reached XP level 4. HP: 19/44 MP: 3/3
  1108 | D:3      | Reached XP level 5. HP: 50/50 MP: 4/4
  1218 | D:3      | Reached skill level 6 in Unarmed Combat
  1650 | D:3      | Found a shimmering altar of Xom.
  1904 | D:4      | Reached XP level 6. HP: 44/59 MP: 5/5
  1910 | D:4      | Reached skill level 7 in Unarmed Combat
  2065 | D:4      | Noticed RottenKnight's ghost (novice DrFE)
  2084 | D:4      | Killed RottenKnight's ghost
  2084 | D:4      | Reached skill level 8 in Unarmed Combat
  2084 | D:4      | Reached XP level 7. HP: 10/66 MP: 6/6
  2266 | D:4      | Reached skill level 9 in Unarmed Combat
  2429 | D:4      | Found a glowing golden altar of the Shining One.
  2606 | D:5      | Entered Level 5 of the Dungeon
  2652 | D:5      | Reached XP level 8. HP: 23/74 MP: 7/7
  2779 | D:5      | Reached skill level 10 in Unarmed Combat
  2802 | D:5      | Noticed Pikel
  2828 | D:5      | Killed Pikel
  2828 | D:5      | Reached skill level 11 in Unarmed Combat
  2878 | D:5      | Found a glowing drain.
  2891 | Sewer    | Entered a sewer
  3490 | D:5      | Found a shattered altar of Ashenzari.
  3897 | D:5      | Reached XP level 9. HP: 81/83 MP: 8/8
  3945 | D:6      | Found a staircase to the Ecumenical Temple.
  4000 | Temple   | Entered the Ecumenical Temple
  4292 | D:6      | Found a hide-covered altar of Uskayaw.
  4420 | D:6      | Found a glowing silver altar of Zin.
  4421 | D:6      | Noticed a two-headed ogre
  4429 | D:6      | Killed a two-headed ogre
  4438 | D:6      | Reached skill level 12 in Unarmed Combat
  4635 | D:6      | Found a snail-covered altar of Cheibriados.
  4635 | D:6      | Found an iron altar of Okawaru.
  4648 | D:6      | Noticed Eustachio
  4652 | D:6      | Killed Eustachio
  4672 | D:6      | Became a worshipper of Cheibriados the Contemplative
  4672 | D:6      | Reached * piety under Cheibriados
  4672 | D:6      | Reached ** piety under Cheibriados
  5347 | D:7      | Reached skill level 5 in Fighting
  5347 | D:7      | Reached skill level 5 in Dodging
  5358 | D:7      | Reached XP level 10. HP: 37/96 MP: 9/9
  5528 | D:7      | Reached skill level 1 in Invocations
  5650 | D:7      | Found Ugeinteh's Assorted Antiques.
  5743 | D:7      | Found a bloodstained altar of Trog.
  5826 | D:8      | Noticed a two-headed ogre
  5852 | D:8      | Killed a two-headed ogre
  5854 | D:8      | Reached *** piety under Cheibriados
  5877 | D:8      | Splashed by a jelly's acid

Skill      XL: |  1  2  3  4  5  6  7  8  9 10 |
---------------+-------------------------------+-----
Unarmed Combat | 4 5 6 8 9 11 12 | 12.5
Fighting       | 3 5 |  5.6
Dodging        | 3 5 |  5.6
Invocations    | 2 |  2.7
Stealth        | |  1.0

Action                   |  1- 3 |  4- 6 |  7- 9 | 10-12 || total
-------------------------+-------+-------+-------+-------++-------
Melee: Unarmed           |    85 |   173 |   282 |    67 ||   607
       Punch             |       |     5 |    15 |     3 ||    23
Invok: Bend Time         |       |       |       |     1 ||     1
       Temporal Distorti |       |       |       |     1 ||     1
  Use: Potion            |       |       |     1 |     6 ||     7
       Scroll            |       |       |       |     3 ||     3
 Stab: Sleeping          |     3 |     3 |     5 |     1 ||    12
  Eat: Chunk             |    10 |    15 |    27 |     3 ||    55
Armor: Robe              |    39 |    69 |    61 |    32 ||   201
Dodge: Dodged            |    47 |    93 |   148 |   113 ||   401
